 Dungeon Crawl Stone Soup version 0.30.1-8-g117510f58f (webtiles) character file.

Game seed: 8009845202182845238

4 LynnLen the Sneak (level 1, 0/9 HPs)
             Began as a Spriggan Enchanter on Sept 22, 2023.
             Slain by a jackal (2 damage)
             ... on level 1 of the Dungeon.
             The game lasted 00:00:38 (91 turns).

LynnLen the Sneak (Spriggan Enchanter)                Turns: 91, Time: 00:00:39

Health: 0/9        AC:  2    Str:  4    XL:     1   Next: 58%
Magic:  5/5        EV: 17    Int: 16    God:
Gold:   0          SH:  0    Dex: 15    Spells: 5/5 levels left

rFire   . . .        a - +1 dagger
rCold   . . .        (no shield)
rNeg    . . .        b - +0 robe
rPois   .            (helmet restricted)
rElec   .            (no cloak)
rCorr   .            (gloves unavailable)
SInv    +            (boots unavailable)
Will    .....        (no amulet)
Stlth   +++          (no ring)
HPRegen 0.21/turn    (no ring)
MPRegen 0.09/turn

%: no passive effects
@: very quick
A: very small, no large weapons, unfitting armour, see invisible, speed 3
a: no special abilities


You were on level 1 of the Dungeon.
You visited 1 branch of the dungeon, and saw 1 of its levels.

Inventory:

Hand Weapons
 a - a +1 dagger (weapon)
Armour
 b - a +0 robe (worn)
Potions
 c - 2 potions of invisibility


   Skills:
 + Level 0.1 Fighting
 + Level 1.1 Short Blades
 + Level 2.7 Dodging
 + Level 4.4 Stealth
 + Level 2.7 Spellcasting
 * Level 3.7 Hexes
 * Level 0.2 Ice Magic


You had 5 spell levels left.
You didn't know any spells.
Your spell library contained the following spells:

 Spells                   Type           Power      Damage    Failure   Level
 Confusing Touch          Hex            14%        N/A       12%         3
 Tukima's Dance           Hex            14%        N/A       12%         3
 Ensorcelled Hibernation  Hex/Ice        16%        N/A       13%         2
 Dazzling Flash           Conj/Hex       16%        N/A       26%         3


Dungeon Overview and Level Annotations

Branches:
Dungeon (1/15)

Altars:


Innate Abilities, Weirdness & Mutations

You are very small and have problems with some larger weapons.
You are too small for most types of armour.
You have supernaturally acute eyesight. (SInv)
You cover ground extremely quickly. (Speed+++)


Message History

The jackal bites the plant.
The plant begins to die.
The jackal barely misses you.
You hit the jackal but do no damage. The jackal misses you.
You closely miss the jackal. The jackal completely misses you.
The jackal closely misses you.
You hit the jackal.
The jackal is heavily wounded.
The jackal barely misses you. x2; The jackal closely misses you.
You hit the jackal but do no damage.
The jackal is heavily wounded.
The jackal bites you. x2
You hit the jackal.
You kill the jackal!
The jackal bites you. The jackal misses you. The jackal bites you.
The jackal closely misses you. The jackal closely misses you.
You hit the jackal.
The jackal is heavily wounded.
The jackal closely misses you.
You closely miss the jackal.
The jackal is heavily wounded.
The jackal bites you.
You hit the jackal.
The jackal is severely wounded.
The jackal barely misses you. The jackal bites you.
* * * LOW HITPOINT WARNING * * *
You hit the jackal.
You kill the jackal!
The jackal barely misses you.
You closely miss the jackal.
The jackal bites you but does no damage.
You hit the jackal.
The jackal is lightly wounded.
The jackal bites you.
* * * LOW HITPOINT WARNING * * *
You closely miss the jackal.
The jackal is lightly wounded.
The jackal completely misses you. The jackal closely misses you.
You closely miss the jackal. The jackal bites you.
You die...

#....##.....~.P.!..#
#....##........####P.#
##+#.......P###≈...P....
#.......##### .....P#.#
#.......+ ..⌠~..# .
#.......# ....PP#
.......#+#.# .⌠⌠~PP#
######. #h# ...P.P# ..
#@# .P.P.P. ... #.# ....
... #.... .#### .. ..
... #..


You could see a jackal.

Vanquished Creatures
  An endoplasm (D:1)
  2 jackals (D:1)
  A ball python (D:1)
4 creatures vanquished.

Notes
Turn   | Place    | Note
-------+----------+-------------------------------------------
     0 | D:1      | LynnLen the Spriggan Enchanter began the quest for the Orb.
     0 | D:1      | Reached XP level 1. HP: 9/9 MP: 5/5
    91 | D:1      | Slain by a jackal

Illustrated notes

Levels and vault maps discovered:
D:1:      amcnicky_arrival_single_pillar, layout_basic,
          shapermc_ecumenical_altar_mp_ritualfount

Action                     || total
---------------------------++-------
  Melee: Dagger            ||    16
   Stab: Sleeping          ||     2
 Armour: Robe              ||     1
  Dodge: Dodged            ||    17
